Map: Galactic Process LE

Players

Gracz - Winner!

  • Race: Zerg Zerg
  • League: Silver

LazyBear

  • Race: Protoss Protoss
  • League: Platinum

VOD

Have the link to the VOD?

Description

Time

  • Played on: Oct. 28, 2016, 1:09 p.m.
  • Length: 16:29
Show
View Real Time Build Order
Export as new Build Order

Gracz Zerg - Winner!

Build Orders: Hatch First, Lurkers 

Get SALT Encoding   

  12  0:01  Drone  
  13  0:11  Drone  
  14  0:16  Overlord  
  14  0:45  Unknown, Hatchery  
  13  0:55  Drone  
  13  0:56  Drone x2  
  16  1:10  Spawning Pool  
  15  1:20  Extractor, Drone  
  15  1:21  Drone  
  16  1:38  Drone  
  17  1:44  Drone  
  18  1:57  Unknown  
  18  1:58  Drone  
  18  1:59  Queen  
  21  2:04  Extractor  
  21  2:06  Drone  
  21  2:09  Drone  
  22  2:16  Queen  
  24  2:25  Drone x2  
  24  2:26  Drone x2  
  28  2:35  Overlord  
  28  2:54  Drone x3  
  28  2:55  Drone x2  
  33  3:03  Queen  
  33  3:05  Overlord  
  35  3:23  Queen  
  37  3:30  Overlord  
  37  3:39  Overlord  
  37  4:04  Drone x5  
  37  4:05  Drone x3  
  37  4:07  Lair  
  45  4:16  Evolution Chamber  
  44  4:19  Drone x2  
  44  4:20  Drone  
  44  4:21  Evolution Chamber  
  46  4:54  Baneling Nest  
  46  4:55  Zerg Ground Armor Level 1  
  46  4:56  Zerg Melee Weapons Level 1  
  45  5:10  Overlord  
  45  5:17  Extractor, Drone  
  45  5:18  Extractor, Drone x7  
  51  5:36  Unknown, Hatchery  
  50  5:49  Spire  
  49  5:52  Hydralisk Den  
  48  5:57  Unknown, Hatchery  
  48  5:58  Metabolic Boost, Infestation Pit  
  48  5:59  Centrifical Hooks  
  48  6:02  Zergling x2  
  48  6:03  Zergling x18  
  56  6:27  Lurker Den  
  57  6:40  Drone x2  
  58  6:47  Unknown  
  58  6:49  Hydralisk  
  58  6:50  Hydralisk x3  
  58  6:53  Overlord x2  
  66  7:08  Unknown  
  66  7:17  Drone  
  66  7:18  Drone x10  
  77  7:22  Hive  
  77  7:24  Zerg Melee Weapons Level 2  
  77  7:26  Zerg Ground Armor Level 2  
  77  7:43  Zergling x10  
  77  7:44  Zergling x12  
  88  7:46  Overlord x2  
  88  7:50  Extractor  
  88  7:51  Drone  
  88  8:16  Zerg Flyer Weapons Level 1  
  88  8:18  Muscular Augments  
  88  8:24  Drone x2  
  88  8:25  Drone x13  
  103  8:30  Extractor  
  102  8:55  Lurker x2  
  104  8:57  Overlord x4  
  104  9:14  Ultralisk Cavern  
  103  9:55  Corruptor  
  103  9:56  Corruptor x4  
  103  9:57  Hydralisk x9  
  103  9:59  Viper  
  134  10:06  Chitinous Plating  
  134  10:09  Zerg Melee Weapons Level 3  
  134  10:20  Extractor  
  133  10:28  Lurker x3  
  136  10:39  Unknown, Hatchery  
  135  10:54  Overlord x4  
  135  10:59  Drone  
  135  11:01  Extractor  
  135  11:23  Adrenal Glands  
  135  11:25  Greater Spire  
  135  11:27  Corruptor  
  135  11:28  Corruptor x5  
  135  11:30  Zergling x8  
  135  11:31  Zergling x10  
  156  11:47  Drone x2  
  156  11:48  Drone x4  
  156  11:50  Unknown  
  162  12:13  Baneling x5  
  162  12:14  Baneling x7  
  162  12:15  Baneling x3  
  162  12:16  Baneling x2  
  162  12:17  Zergling x2  
  162  12:18  Zergling x22  
  174  12:23  Overlord x4  
  174  12:31  Overseer x4  
  174  12:57  Ultralisk  
  174  12:58  Ultralisk x3  
  165  13:39  Ultralisk x4  
  165  13:40  Zergling x10, Corruptor x2  
  184  14:00  Brood Lord x6  
  196  14:04  Zergling x2  
  196  14:05  Zergling x6  
  181  15:16  Zergling x2  
  181  15:17  Zergling x28  
  155  16:01  Zergling x4  
  155  16:02  Zergling x12  
  169  16:05  Overlord x3  
  169  16:06  Overlord  
Show
View Real Time Build Order
Export as new Build Order

LazyBear Protoss 

Build Orders: 1 Gate Expand 

Get SALT Encoding   

  12  0:01  Probe (Chrono Boost)  
  13  0:13  Probe (Chrono Boost)  
  14  0:23  Pylon, Probe (Chrono Boost)  
  15  0:41  Probe (Chrono Boost)  
  16  0:44  Gateway  
  16  0:53  Probe (Chrono Boost)  
  17  1:12  Unknown, Nexus  
  17  1:18  Pylon  
  17  1:24  Assimilator  
  17  1:31  Probe (Chrono Boost)  
  18  1:45  Cybernetics Core  
  18  1:46  Zealot  
  20  1:48  Probe (Chrono Boost)  
  21  1:55  Assimilator  
  21  2:09  Probe (Chrono Boost)  
  22  2:20  Probe (Chrono Boost)  
  23  2:23  Unknown, Warp Gate  
  24  2:30  Probe (Chrono Boost)  
  26  2:37  Mothership Core (Chrono Boost)  
  26  2:41  Probe (Chrono Boost)  
  27  2:45  Stalker  
  29  2:55  Probe (Chrono Boost)  
  30  2:59  Probe (Chrono Boost)  
  30  3:06  Probe (Chrono Boost)  
  30  3:10  Pylon  
  31  3:13  Robotics Facility  
  31  3:32  Gateway  
  31  3:34  Gateway  
  31  3:36  Twilight Council  
  31  3:39  Probe x2 (Chrono Boost)  
  33  3:48  Sentry  
  35  3:49  Probe (Chrono Boost)  
  35  3:50  Probe (Chrono Boost)  
  37  4:00  Probe x2 (Chrono Boost)  
  39  4:08  Immortal  
  43  4:10  Probe (Chrono Boost)  
  44  4:27  Blink  
  44  4:28  Probe x2 (Chrono Boost)  
  46  4:37  Pylon x2  
  46  4:40  Zealot  
  46  4:41  Zealot x2  
  52  4:55  Probe x2 (Chrono Boost)  
  54  5:01  Gateway  
  54  5:03  Gateway  
  54  5:05  Probe x2 (Chrono Boost)  
  54  5:06  Assimilator  
  56  5:10  Assimilator  
  56  5:14  Forge  
  56  5:17  Probe x2 (Chrono Boost)  
  58  5:28  Probe x2 (Chrono Boost)  
  60  5:38  Probe (Chrono Boost)  
  60  5:40  Pylon  
  61  5:47  Protoss Ground Weapons Level 1  
  61  5:53  Photon Cannon  
  61  5:56  Photon Cannon  
  61  5:58  Pylon  
  61  5:59  Stalker x2, Photon Cannon  
  65  6:12  Probe (Chrono Boost)  
  65  6:18  Sentry, Pylon  
  68  6:21  Sentry  
  70  6:28  Charge  
  70  6:41  Adept x2  
  70  6:42  Adept x2  
  70  6:46  Adept  
  80  6:51  Probe x2 (Chrono Boost)  
  82  7:08  Pylon  
  82  7:13  Robotics Facility  
  82  7:20  Robotics Bay  
  82  7:22  Unknown, Nexus  
  82  7:24  Pylon x2  
  82  7:25  Probe (Chrono Boost)  
  82  7:26  Pylon, Probe (Chrono Boost)  
  84  7:30  Stalker  
  84  7:31  Stalker x3  
  92  7:42  Protoss Shields Level 1  
  92  7:45  Probe (Chrono Boost)  
  92  7:47  Probe (Chrono Boost)  
  94  7:56  Adept x2  
  98  8:02  Pylon  
  98  8:07  Pylon  
  98  8:08  Resonating Glaives  
  98  8:11  Disruptor x2  
  104  8:25  Zealot x3  
  104  8:26  Zealot x2  
  114  8:30  Probe x2 (Chrono Boost)  
  114  8:33  Unknown, Probe (Chrono Boost)  
  117  8:46  Dark Shrine  
  117  8:52  Disruptor x2  
  123  8:59  Pylon  
  123  9:04  Probe (Chrono Boost)  
  123  9:05  Probe x2 (Chrono Boost)  
  123  9:09  Assimilator  
  126  9:11  Assimilator  
  126  9:15  Probe x3 (Chrono Boost)  
  129  9:26  Probe x3 (Chrono Boost)  
  131  9:36  Probe x3 (Chrono Boost)  
  131  9:37  Stalker x5  
  144  9:47  Probe (Chrono Boost)  
  145  10:15  Gateway  
  145  10:17  Gateway  
  145  10:18  Gateway  
  145  10:21  Unknown, Nexus  
  145  10:22  Gateway  
  145  10:24  Gateway  
  145  10:26  Pylon  
  145  10:27  Pylon  
  145  10:28  Immortal x2  
  153  10:29  Pylon  
  153  10:31  Dark Templar x4  
  161  10:36  Pylon  
  161  10:43  Archon x2  
  161  10:50  Probe x3 (Chrono Boost)  
  161  10:51  Protoss Ground Weapons Level 2  
  161  10:56  Stalker  
  166  11:14  Stalker x4  
  166  11:18  Probe x3 (Chrono Boost)  
  177  11:23  Immortal x2  
  185  11:26  Pylon  
  185  11:32  Unknown, Dark Templar x5  
  195  11:35  Probe x2 (Chrono Boost)  
  195  11:36  Probe x2 (Chrono Boost)  
  195  11:38  Archon x2  
  199  11:49  Dark Templar  
  199  11:53  Assimilator  
  200  11:55  Archon  
  200  12:21  Observer  
  200  12:23  Observer  
  200  12:41  Photon Cannon  
  200  12:43  Photon Cannon  
  200  12:44  Photon Cannon  
  200  12:46  Photon Cannon  
  200  12:56  Assimilator  
  200  13:12  Observer Gravitic Boosters  
  147  13:30  Dark Templar x4  
  147  13:31  Dark Templar x6  
  163  13:36  Archon  
  163  13:42  Archon x4  
  163  13:48  Disruptor  
  162  14:00  Observer  
  163  14:05  Dark Templar x5  
  163  14:06  Dark Templar x5  
  163  14:09  Archon x2  
  183  14:10  Archon x2  
  183  14:11  Archon  
  183  14:31  Observer x2  
  183  14:40  Pylon x2  
  183  14:41  Sentry x4  
  183  15:13  Stalker x4  
  183  15:14  Stalker  
  135  15:35  Observer x2  
  129  15:42  Stalker x3  
  133  15:43  Stalker  
  127  15:59  Stalker x4  
  127  16:00  Stalker  
Tags
 
Add a new tag
Caveats
  • Supply blocks, unpowered buildings, or Contaminate may cause inaccurate times.
  • Supply counts are checked every 10 seconds.